 Dungeon Sprint DCSS version 0.29.1-15-g9cfb28693d (webtiles) character file.

Game seed: 11791091849446292310

2802 Groucho the Unseen (level 9, -1/39 HPs)
             Began as a Spriggan Earth Elementalist on Mar 30, 2023.
             Was an Initiate of Dithmenos.
             Slain by Frances
             ... wielding a +1 war axe of holy wrath
              (8 damage)
             ... in the Dungeon (Sprint III: "The Ten Rune Challenge").
             The game lasted 00:09:57 (2670 turns).

Groucho the Unseen (Spriggan Earth Elementalist)    Turns: 2670, Time: 00:09:58

Health: -1/39      AC:  2    Str:  8    XL:     9   Next: 44%
Magic:  8/24       EV: 23    Int: 16    God:    Dithmenos [......]
Gold:   31         SH:  0    Dex: 16    Spells: 14/29 levels left

rFire   . . .      SeeInvis +   m - +0 dagger
rCold   . . .      Faith    .   (no shield)
rNeg    . . .      Spirit   .   h - +0 robe
rPois   .          Reflect  .   (helmet restricted)
rElec   .          Harm     .   (no cloak)
rCorr   .          Rampage  .   (gloves unavailable)
Will    +....      NoTele   +   (boots unavailable)
Stlth   ++++++....              (no amulet)
HPRegen 0.13/turn               (no ring)
MPRegen 0.19/turn               (no ring)

@: slowed, quick
A: very small, no large weapons, unfitting armour, see invisible, speed 3
a: Renounce Religion


You were in the Dungeon.
You worshipped Dithmenos.
Dithmenos was noncommittal.
You visited 1 branch You collected 31 gold pieces.

Inventory:

Hand Weapons
 m - a +0 dagger (weapon)
Armour
 h - a +0 robe (worn)
Wands
 n - a wand of flame (14)
Scrolls
 g - a scroll of blinking
 i - a scroll of poison {unknown}
 j - 4 scrolls of identify
 k - a scroll of torment {unknown}
Potions
 a - 3 potions of mutation {unknown}
 b - 3 potions of magic
 c - 2 potions of curing
 d - a potion of heal wounds
 e - a potion of haste
 f - a potion of berserk rage
 l - 2 potions of flight


   Skills:
 + Level 7.1 Short Blades
 + Level 9.6 Dodging
 - Level 15.0 Stealth
 + Level 10.5 Spellcasting
 + Level 7.2 Conjurations
 * Level 0.0 Necromancy
 - Level 1.3 Transmutations
 + Level 11.4 Earth Magic


You had 14 spell levels left.
You knew the following spells:

 Your Spells              Type           Power      Damage    Failure   Level
a - Sandblast             Erth           90%        2d19      1%          1
b - Stone Arrow           Conj/Erth      76%        3d11      1%          3
c - Dazzling Flash        Conj/Hex       38%        N/A       6%          3
d - Vampiric Draining     Necr           8%         2d6       26%         3
e - Agony                 Necr           8%         N/A       94%         5

Your spell library contained the following spells:

 Spells                   Type           Power      Damage    Failure   Level
 Passwall                 Tmut/Erth      23%        N/A       1%          2
 Petrify                  Tmut/Erth      28%        N/A       6%          4
 Necrotise                Necr           32%        1d5       9%          1
 Silence                  Hex/Air        4%         N/A       94%         5


Dungeon Overview and Level Annotations

Branches:
Dungeon (1/1)

Altars:
Cheibriados
Dithmenos
Elyvilon
Fedhas
Gozag
Hepliaklqana
Kikubaaqudgha
Makhleb
Nemelex Xobeh
Okawaru
Qazlal
Ru
Sif Muna
Trog
Uskayaw
Vehumet
Wu Jian
Xom
Yredelemnul
Zin
The Shining One
Jiyva
Lugonu

Annotations:
D Donald, Frances


Innate Abilities, Weirdness & Mutations

You are very small and have problems with some larger weapons.
You are too small for most types of armour.
You have supernaturally acute eyesight. (SInv)
You cover ground extremely quickly. (Speed+++)


Message History

Aim: Frances, wielding a +1 war axe of holy wrath and quivering curare-tipped darts (heavily wounded, fast, 74% to hit)
The stone arrow misses Frances.
Donald reflects the stone arrow off his +0 kite shield of reflection!
The stone arrow hits Frances!
Frances is heavily wounded.
Unknown command.
Unknown command.
Frances throws a curare-tipped dart.
The curare-tipped dart barely misses you.
Casting: Stone Arrow (safe; 1% risk of failure)
Confirm with . or Enter, or press ? or * to list all spells.
Aiming: Stone Arrow (safe; 1% risk of failure)
Press: ? - help, Shift-Dir - straight line, f/p - Frances
Aim: Frances, wielding a +1 war axe of holy wrath and quivering curare-tipped darts (heavily wounded, fast, 74% to hit)
The stone arrow hits Frances!
Frances is severely wounded.
Frances throws a curare-tipped dart.
The curare-tipped dart hits you.
You are poisoned.
You have difficulty breathing.
You feel yourself slow down.
Unknown command.
Casting: Stone Arrow (safe; 1% risk of failure)
Confirm with . or Enter, or press ? or * to list all spells.
Aiming: Stone Arrow (safe; 1% risk of failure)
Press: ? - help, Shift-Dir - straight line, f/p - Frances
Aim: Frances, wielding a +1 war axe of holy wrath and quivering curare-tipped darts (severely wounded, fast, 74% to hit)
The stone arrow hits Frances!!
Frances is almost dead.
You feel very sick.
Frances screams a word of power!
The shard of ice misses you.
Unknown command.
Unknown command.
You feel better. Frances misses you.
Frances mutters in a terrible tongue.
The shard of ice hits you!!
Ouch! That really hurt!
* * * LOW HITPOINT WARNING * * *
Frances attacks as you move away!
Frances hits you with a +1 war axe of holy wrath!
You die...

___#__# __.#._# '###'##
......# ...)).# #####'#
__#...#+#####################
__#...#....#.#.#)@...#....^.+
__#...##.#..#.##@###.#..^...#
__#...'##.#.#.##.#).##......#
__'...#...#..#..##.)'^...^..#
▓▓▓▓▓▓▓▓▓▓▓▓▓▓▓▓▓▓▓▓#@...^..#
#..^.^.^# +4.^.^..# #.......#
##'###### ..+


You could see Frances (fast).

Vanquished Creatures
  Erolcha (D)
  A deep elf pyromancer (D)
  A shadow (D)
  2 redbacks (D)
  A spatial vortex (D)
  5 two-headed ogres (D)
  A water elemental (D)
  A necrophage (D)
  A jelly (D)
  A wizard (D)
  A necromancer (D)
  3 humans (D)
  A kobold demonologist (D)
  A phantom (D)
  4 rats (D)
25 creatures vanquished.

Notes
Turn   | Place    | Note
-------+----------+-------------------------------------------
     0 | D        | Groucho the Spriggan Earth Elementalist began the quest for
                  | the Orb.
     0 | D        | Reached XP level 1. HP: 9/9 MP: 5/5
   261 | D        | Reached skill level 5 in Stealth
   261 | D        | Reached XP level 2. HP: 13/13 MP: 1/8
   636 | D        | Noticed a water elemental
   653 | D        | Killed a water elemental
   654 | D        | Reached skill level 7 in Stealth
   654 | D        | Reached skill level 5 in Spellcasting
   654 | D        | Reached XP level 3. HP: 16/16 MP: 6/11
   654 | D        | Reached XP level 4. HP: 21/21 MP: 6/12
   921 | D        | Found a shadowy altar of Dithmenos.
   921 | D        | Noticed a necrophage
   926 | D        | Found a basalt altar of Yredelemnul.
   926 | D        | Found a sacrificial altar of Ru.
   950 | D        | Killed a necrophage
   951 | D        | Reached skill level 8 in Stealth
   951 | D        | Reached XP level 5. HP: 24/24 MP: 8/15
   971 | D        | Learned a level 3 spell: Stone Arrow
  1179 | D        | Found a hide-covered altar of Uskayaw.
  1179 | D        | Found an iron altar of Okawaru.
  1180 | D        | Found a bloodstained altar of Trog.
  1181 | D        | Found an ornate altar of the Wu Jian Council.
  1181 | D        | Noticed a human
  1183 | D        | Noticed a human
  1194 | D        | Killed a human
  1195 | D        | Reached skill level 10 in Stealth
  1195 | D        | Reached XP level 6. HP: 19/28 MP: 11/17
  1218 | D        | Killed a human
  1219 | D        | Reached skill level 11 in Stealth
  1327 | D        | Found a glowing silver altar of Zin.
  1327 | D        | Found a glowing golden altar of the Shining One.
  1327 | D        | Found a white marble altar of Elyvilon.
  1328 | D        | Noticed a deep elf pyromancer
  1330 | D        | Killed a deep elf pyromancer
  1331 | D        | Reached skill level 12 in Stealth
  1331 | D        | Reached XP level 7. HP: 32/32 MP: 17/20
  1344 | D        | Found a radiant altar of Vehumet.
  1349 | D        | Found a shimmering blue altar of Sif Muna.
  1352 | D        | Reached skill level 13 in Stealth
  1469 | D        | Noticed a shadow
  1502 | D        | Killed a shadow
  1503 | D        | Reached XP level 8. HP: 24/36 MP: 18/22
  1716 | D        | Reached skill level 5 in Short Blades
  1719 | D        | Found a blossoming altar of Fedhas.
  1719 | D        | Found a stormy altar of Qazlal.
  1721 | D        | Found a snail-covered altar of Cheibriados.
  1721 | D        | Found a burning altar of Makhleb.
  1721 | D        | Found a hazy altar of Hepliaklqana.
  1721 | D        | Found a shimmering altar of Xom.
  1721 | D        | Found an opulent altar of Gozag.
  1721 | D        | Found a sparkling altar of Nemelex Xobeh.
  1721 | D        | Found a corrupted altar of Lugonu.
  1721 | D        | Found a viscous altar of Jiyva.
  1725 | D        | Reached skill level 5 in Conjurations
  1918 | D        | Reached skill level 14 in Stealth
  1918 | D        | Reached skill level 10 in Earth Magic
  1978 | D        | Noticed a two-headed ogre
  1981 | D        | Killed a two-headed ogre
  1986 | D        | Noticed a two-headed ogre
  1986 | D        | Noticed Erolcha
  1988 | D        | Killed Erolcha
  1989 | D        | Reached skill level 15 in Stealth
  1989 | D        | Reached skill level 10 in Spellcasting
  1989 | D        | Reached XP level 9. HP: 39/39 MP: 22/24
  1989 | D        | Killed a two-headed ogre
  2307 | D        | Became a worshipper of Dithmenos the Shadowed
  2334 | D        | Found an ancient bone altar of Kikubaaqudgha.
  2348 | D        | Learned a level 3 spell: Dazzling Flash
  2352 | D        | Learned a level 3 spell: Vampiric Draining
  2358 | D        | Learned a level 5 spell: Agony
  2582 | D        | Noticed Frances
  2584 | D        | Noticed Donald
  2588 | D        | Noticed an ice devil
  2670 | D        | Slain by Frances

Illustrated notes

Levels and vault maps discovered:
D:        dungeon_sprint_mu [sprint_mu_entry_forest, sprint_mu_temple_rooms,
          sprint_mu_d1_spiders, sprint_mu_d2_genie, sprint_mu_d3_branching,
          sprint_mu_orc_legion, sprint_mu_elf_gauntlet, sprint_mu_hive_nellie,
          sprint_mu_lair_fedhas, sprint_mu_vaults_butterflies,
          sprint_mu_slime_circle, sprint_mu_swamp_cave, sprint_mu_snake_twists,
          sprint_mu_blade_basic, sprint_mu_crypt_lich, sprint_mu_tomb_spiral,
          sprint_mu_vestibule_basic, sprint_mu_gehenna_hellfire,
          sprint_mu_dis_giant, sprint_mu_tartarus_statrot,
          sprint_mu_cocytus_islands, sprint_mu_zot1]

Skill      XL: |  1  2  3  4  5  6  7  8  9 |
---------------+----------------------------+-----
Spellcasting   | 4 5 6 7 8 9 10 | 10.5
Earth Magic    | 4 6 7 8 9 10 11 | 11.4
Stealth        | 5 7 8 10 12 13 15 | 15.0
Short Blades   | 2 4 6 7 |  7.1
Dodging        | 4 6 9 |  9.6
Conjurations   | 2 4 6 7 |  7.2
Transmutations | |  1.3

Action                   |  1- 3 |  4- 6 |  7- 9 || total
-------------------------+-------+-------+-------++-------
Melee: Dagger            |       |       |     4 ||     4
 Cast: Sandblast         |    21 |    20 |    25 ||    66
       Stone Arrow       |       |       |    10 ||    10
  Use: Potion            |       |       |     2 ||     2
 Stab: Sleeping          |       |       |     4 ||     4
Armor: Robe              |       |     2 |       ||     2
Dodge: Dodged            |     2 |     3 |     9 ||    14
